 Dungeon Crawl Stone Soup version 0.17-a0-1842-gacc33f2 (webtiles) character file.

90986 Stormsson the Unseen (level 15, -3/80 HPs)
             Began as a Spriggan Assassin on Sept 14, 2015.
             Was the Champion of Dithmenos.
             Killed by divine providence
             ... invoked by Norris
              (13 damage)
             ... on level 2 of the Spider Nest on Sept 17, 2015.
             The game lasted 04:47:09 (37237 turns).

Stormsson the Unseen (Spriggan Assassin)           Turns: 37237, Time: 04:47:09

Health: -3/80      AC:  9    Str:  7    XL:     15   Next: 53%
Magic:  25/25      EV: 37    Int: 16    God:    Dithmenos [******]
Gold:   1767       SH:  0    Dex: 21    Spells: 4 memorised, 13 levels left

rFire  . . .     SeeInvis +     g - +4 short sword (elec)
rCold  . . .     Clarity  .     h - +2 robe {rN+}
rNeg   + + .     SustAt   .     (shield restricted)
rPois  +         Gourm    .     D - +2 hat
rElec  .         Spirit   .     j - +2 cloak {MR+}
rCorr  .         Warding  +     (gloves unavailable)
rMut   .         Stasis   .     (boots unavailable)
MR     +++..                    l - amulet of warding
Stlth  ++++++....               x - +3 ring of evasion
                                z - ring of poison resistance

@: confused, wreathed by umbra, very quick, extremely resistant to hostile
enchantments, very stealthy
A: unfitting armour, see invisible, blink, herbivore 3, speed 3, slow metabolism
2
a: Blink, Shadow Step, Shadow Form, Renounce Religion


You were on level 2 of the Spider Nest.
You worshipped Dithmenos.
Dithmenos was exalted by your worship.
You were not hungry.

You visited 7 branches of the dungeon, and saw 28 of its levels.
You also visited: Sewer, Bailey, Ice Cave and Volcano.

You collected 2641 gold pieces.
You spent 874 gold pieces at shops.

Inventory:

Hand weapons
 a - a +3 dagger
 b - a +6 blowgun
 g - a +4 short sword of electrocution (weapon)
Missiles
 e - 37 poisoned needles
 f - 6 curare-tipped needles
 S - 3 needles of sleeping (quivered)
Armour
 h - a +2 robe of positive energy (worn)
 j - a +2 cloak of magic resistance (worn)
 D - a +2 hat (worn)
 T - a +2 robe of fire resistance
Jewellery
 c - an uncursed ring of protection from magic
 l - an amulet of warding (around neck)
 r - an uncursed amulet of regeneration
 v - an uncursed ring of positive energy
 x - a +3 ring of evasion (right hand)
 z - a ring of poison resistance (left hand)
 M - an uncursed ring of ice
 O - a +2 ring of protection
 Y - a +3 ring of dexterity
Magical devices
 u - a wand of magic darts (35)
 C - a wand of frost (29)
 F - a wand of confusion (29)
 G - a wand of draining (10)
 H - a wand of polymorph (11)
 J - a wand of lightning (9)
 P - a wand of paralysis (6)
 X - a wand of invisibility (3)
Scrolls
 k - 4 scrolls of enchant armour
 n - 5 scrolls of remove curse
 q - a scroll of fear
 s - 8 scrolls of enchant weapon
 y - 8 scrolls of teleportation
 B - 3 scrolls of blinking
 E - a scroll of amnesia
 N - 6 scrolls of identify
Potions
 i - 8 potions of curing
 w - 3 potions of brilliance
 A - 4 potions of flight
 K - 2 potions of invisibility
 L - 2 potions of heal wounds
 R - a potion of might
 U - 4 potions of berserk rage
 V - 3 potions of resistance
Books
 d - the Almanac of Supportive Orientation
   (You acquired it in a bailey)

   Spells                             Type                      Level
   a - Apportation                    Translocation                1
   b - Shroud of Golubria             Charms/Translocation         2
   c - Teleport Other                 Translocation                3
   d - Summon Lightning Spire         Summoning/Air                4
   e - Passage of Golubria            Translocation                4
   f - Summon Forest                  Summoning/Translocation      5
 m - a book of Summonings

   Spells                             Type                      Level
   a - Recall                         Summoning/Translocation      3
   b - Aura of Abjuration             Summoning                    5
   c - Shadow Creatures               Summoning                    5
   d - Summon Demon                   Summoning                    5
   e - Summon Forest                  Summoning/Translocation      5
   f - Summon Mana Viper              Hexes/Summoning              5
 p - a book of Geomancy

   Spells                             Type                      Level
   a - Sandblast                      Earth                        1
   b - Stoneskin                      Transmutation/Earth          2
   c - Passwall                       Transmutation/Earth          3
   d - Stone Arrow                    Conjuration/Earth            3
   e - Petrify                        Transmutation/Earth          4
   f - Lee's Rapid Deconstruction     Earth                        5
 t - a book of Minor Magic

   Spells                             Type                      Level
   a - Magic Dart                     Conjuration                  1
   b - Blink                          Translocation                2
   c - Call Imp                       Summoning                    2
   d - Repel Missiles                 Charms/Air                   2
   e - Slow                           Hexes                        2
   f - Conjure Flame                  Conjuration/Fire             3
   g - Mephitic Cloud                 Conjuration/Poison/Air       3
 Q - the Volume of Creation
   (You found it on level 2 of the Spider Nest)

   Spells                             Type                      Level
   a - Summon Butterflies             Summoning                    1
   b - Summon Small Mammal            Summoning                    1
   c - Summon Guardian Golem          Hexes/Summoning              3
   d - Summon Forest                  Summoning/Translocation      5
Miscellaneous
 W - a legendary deck of escape {the Shaft, drawn: 1}
 Z - a stone of tremors
Comestibles
 o - 13 bread rations
 I - 8 slices of pizza


   Skills:
 - Level 10.0 Fighting
 - Level 14.6 Short Blades
 - Level 5.1 Throwing
 - Level 15.4 Dodging
 - Level 17.8 Stealth
 - Level 6.0 Spellcasting
 * Level 5.0 Conjurations
 - Level 5.0 Hexes
 - Level 8.0 Translocations
 + Level 5.3 Earth Magic
 - Level 6.6 Invocations


You had 13 spell levels left.
You knew the following spells:

 Your Spells              Type           Power        Failure   Level  Hunger
a - Blink                 Tloc           N/A          1%          2    #......
b - Gell's Gravitas       Hex/Tloc       ####......   2%          3    ##.....
c - Shadow Creatures      Summ           N/A          100%        5    ######.
d - Stone Arrow           Conj/Erth      ###...       6%          3    ##.....


Dungeon Overview and Level Annotations

Branches:
Dungeon (11/15)            Temple (1/1) D:6            Lair (8/8) D:8
 Spider (2/4) Lair:5        Slime (1/6) Lair:6          Orc (4/4) D:11
    Elf (1/3) Orc:4
  Swamp: Lair:3-6    Shoals: Lair:3-6

Altars:
Ashenzari
Cheibriados
Dithmenos
Fedhas
Gozag
Kikubaaqudgha
Makhleb
Nemelex Xobeh
Okawaru
Qazlal
Sif Muna
Trog
Vehumet
Xom
Yredelemnul
Zin
The Shining One
Beogh

Shops:
D:4 *   D:10 *   Orc:4 :%*=

Annotations:
Lair:6 exclusion: ice statue
Spider:2 Norris
Orc:3 Donald


Innate Abilities, Weirdness & Mutations

You are tiny and cannot use many weapons and most armour.
You have supernaturally acute eyesight.
You are a herbivore.
You cover ground extremely quickly.
You need consume almost no food.
You can translocate small distances at will.


Message History

You hear the crackle of electricity.
g - a +4 short sword of electrocution (weapon)
The jumping spider leaps!
You miss the tarantella. The tarantella completely misses you.
You closely miss the tarantella.
The jumping spider completely misses you.
The jumping spider closely misses you. The tarantella bites you!
* * * LOW HITPOINT WARNING * * *
You are confused.
The tarantella completely misses you.
You hit the tarantella.
The tarantella is moderately wounded.
The redback completely misses you.
The jumping spider completely misses you.
The jumping spider misses you. The tarantella closely misses you.
You bump into the rock wall.
The redback misses you. The tarantella completely misses you.
Norris calls down the wrath of his god upon you.
Something smites you!
You die...

....#..........#...#..^(........
....#....)#........#.(........!#
#...^.....#.....#.......##.#.#..
....#.#...#.....^......#........
................#..#.........>.#
......##..#..%#@..y.......#.....
................#.......#.#....
#.#....#^..>...ss.............###
....^...#.#..<.#@#....#..........
...............s.................
........#[....#...#..#......#..^.
.#...#...#...#^..#^.......[......
................†.......#........
...##....................##..##.#
#.##.#..........#........#......#
.......#.#^....#....#..#.......#.
....................##...#..#.^..


You could see Norris, a moth of wrath, a jumping spider, a tarantella and a
redback.

Vanquished Creatures
  Agnes (Spider:1)
  Maud (Orc:3)
  Aizul (Spider:1)
  A ghost moth (Spider:2)
  Josephine (Spider:1)
  2 entropy weavers
  4 hydras
  4 ogre magi (Orc:4)
  The ghost of WhatIsLove the Unseen, a powerful KoBe of Trog (D:11)
  A deep elf knight (Elf:1)
  Sonja (Orc:2)
  Nergalle (Lair:3)
  The ghost of Rayvis the Cleaver, an experienced MiFi of Okawaru (Bailey)
  Pikel (D:5)
  5 deep elf conjurers (Elf:1)
  3 deep elf summoners (Elf:1)
  3 hill giants
  6 orc knights
  An unseen horror (D:11)
  An ugly thing (D:9)
  5 orb spiders
  2 griffons
  5 wolf spiders
  An orc sorcerer (Orc:1)
  13 elephants
  7 black mambas
  A molten gargoyle (Volcano)
  9 spiny frogs
  2 cyclopes (D:11)
  2 torpor snails
  A gargoyle (Volcano)
  2 demonic crawlers (Spider:2)
  A fire drake (Lair:3)
  5 komodo dragons
  7 polar bears
  A blue devil (Lair:6)
  A troll (D:9)
  5 jumping spiders
  Grinder (D:5)
  5 boulder beetles
  Prince Ribbit (D:5)
  15 two-headed ogres
  21 blink frogs
  A wyvern (D:9)
  Sigmund (D:3)
  5 tarantellas
  3 humans (D:7)
  4 wraiths
  5 deep elf magi (Elf:1)
  7 redbacks
  A basilisk (Lair:7)
  39 wolves
  4 trapdoor spiders
  35 yaks
  4 deep elf fighters (Elf:1)
  A hungry ghost (D:11)
  2 fire elementals (Volcano)
  6 vampire mosquitoes
  8 hippogriffs
  A warg (Orc:4)
  A mottled dragon (D:11)
  Edmund (D:4)
  11 porcupines
  17 water moccasins
  23 orc warriors
  Purgy (Sewer)
  An eye of draining (D:9)
  32 ogres
  2 black bears
  A phantom (D:7)
  3 sky beasts
  8 necrophages
  15 ice beasts
  18 spiders
  A slave (D:4)
  5 centaurs
  16 crocodiles
  A brain worm (D:11)
  A big kobold (D:8)
  23 giant frogs
  A gnoll sergeant (D:8)
  5 scorpions
  10 wights (D:7)
  A water moccasin skeleton (D:8)
  2 killer bees (D:8)
  8 crimson imps
  3 giant frog zombies
  5 hounds
  2 lava snakes (Lair:8)
  4 jellies
  14 orc priests
  2 centaur zombies
  A quasit (D:10)
  17 hell rats
  Jessica (D:2)
  A centaur skeleton (D:4)
  Terence (D:2)
  20 orc wizards
  10 worker ants
  13 iguanas
  A killer bee zombie (D:9)
  8 sheep
  A mummy (D:7)
  A hound zombie (D:6)
  A killer bee simulacrum (D:8)
  A worker ant zombie (D:7)
  12 gnolls
  12 adders
  81 river rats
  A hound simulacrum (D:8)
  2 shadow imps (D:8)
  15 white imps
  An adder zombie (D:6)
  An adder skeleton (D:7)
  11 worms
  11 giant geckos
  173 orcs
  12 bats
  4 giant cockroaches
  6 goblins
  11 hobgoblins
  8 jackals
  10 kobolds
  6 ball pythons
  A giant gecko skeleton (D:7)
  10 giant newts
  A jackal skeleton (D:5)
  A jackal zombie (D:5)
  7 quokkas
  A quokka zombie (D:7)
  33 rats
  A fungus (D:4)
1027 creatures vanquished.

Vanquished Creatures (collateral kills)
  A two-headed ogre (Orc:4)
1 creature vanquished.

Vanquished Creatures (others)
  A polar bear (IceCv)
  3 yaks
  A slave (D:5)
  A giant frog (D:5)
  A killer bee (D:8)
  An iguana (D:5)
  An ooze (D:5)
  An adder zombie (D:5)
  44 fungi
  19 plants
73 creatures vanquished.

Grand Total: 1101 creatures vanquished

Notes
Turn   | Place    | Note
--------------------------------------------------------------
     0 | D:1      | Stormsson the Spriggan Assassin began the quest for the Orb.
     0 | D:1      | Reached XP level 1. HP: 10/10 MP: 2/2
    51 | D:1      | Reached skill level 6 in Stealth
   365 | D:1      | Reached XP level 2. HP: 15/15 MP: 3/3
  1357 | D:1      | Reached XP level 3. HP: 15/18 MP: 4/4
  1750 | D:2      | Noticed Jessica
  1774 | D:2      | Killed Jessica
  1774 | D:2      | Reached XP level 4. HP: 11/23 MP: 5/5
  2062 | D:2      | Reached skill level 7 in Stealth
  2286 | D:2      | Noticed Terence
  2317 | D:2      | Killed Terence
  2454 | D:2      | Reached XP level 5. HP: 23/27 MP: 6/6
  2547 | D:2      | Found a radiant altar of Vehumet.
  2625 | D:2      | Found a glowing golden altar of the Shining One.
  3397 | D:3      | Found a deep blue altar of Sif Muna.
  3398 | D:3      | Noticed Sigmund
  3426 | D:3      | Killed Sigmund
  3426 | D:3      | Reached skill level 8 in Stealth
  3426 | D:3      | Reached XP level 6. HP: 26/32 MP: 7/7
  3801 | D:3      | Found a glowing drain.
  3805 | Sewer    | Entered a sewer
  3928 | Sewer    | Noticed Purgy
  3977 | Sewer    | Killed Purgy
  3977 | Sewer    | Reached skill level 5 in Short Blades
  3977 | Sewer    | Reached skill level 5 in Dodging
  4383 | D:4      | Found Neg Oposh's General Store.
  4478 | D:4      | Reached XP level 7. HP: 36/36 MP: 8/8
  4671 | D:4      | You fall through a shaft for 2 floors!
  4897 | D:5      | Entered Level 5 of the Dungeon
  4924 | D:5      | Found an opulent altar of Gozag.
  4928 | D:5      | Found a shimmering altar of Xom.
  5086 | D:4      | Noticed Edmund
  5091 | D:4      | Killed Edmund
  5091 | D:4      | Reached skill level 9 in Stealth
  5358 | D:4      | Reached XP level 8. HP: 40/42 MP: 9/9
  5412 | D:5      | Noticed Pikel
  5420 | D:5      | Noticed Prince Ribbit
  6008 | D:5      | Killed Pikel
  6008 | D:5      | Reached skill level 10 in Stealth
  6025 | D:5      | Killed Prince Ribbit
  6111 | D:5      | Noticed Grinder
  6112 | D:5      | Paralysed by Grinder for 2 turns
  6459 | D:5      | Killed Grinder
  6575 | D:5      | Reached XP level 9. HP: 40/46 MP: 10/10
  6953 | D:5      | Found a shattered altar of Ashenzari.
  6957 | D:5      | Saw a vision of the Shoals and the Spider Nest.
  6957 | D:5      | Noticed a sea snake
  6957 | D:5      | Noticed a siren
  6957 | D:5      | Noticed a merfolk
  6957 | D:5      | Noticed a siren
  6957 | D:5      | Noticed a merfolk
  6957 | D:5      | Noticed a sea snake
  6957 | D:5      | Noticed a redback
  6973 | D:5      | Found a snail-covered altar of Cheibriados.
  7110 | D:5      | Noticed a moth of wrath
  7113 | D:5      | Found a bloodstained altar of Trog.
  7205 | D:6      | Found a sparkling altar of Nemelex Xobeh.
  7594 | D:6      | Reached skill level 11 in Stealth
  7597 | D:6      | Found a stormy altar of Qazlal.
  7610 | D:6      | Found a blossoming altar of Fedhas.
  7690 | D:6      | Found a staircase to the Ecumenical Temple.
  7699 | Temple   | Entered the Ecumenical Temple
  7741 | Temple   | Became a worshipper of Dithmenos the Shadowed
  8093 | D:6      | Reached skill level 5 in Fighting
  8157 | D:7      | Found an iron altar of Okawaru.
  8774 | D:7      | Reached XP level 10. HP: 46/52 MP: 11/11
  8893 | D:7      | Reached skill level 10 in Short Blades
  8909 | D:7      | Reached skill level 12 in Stealth
  9022 | D:7      | Acquired Dithmenos's first power
  9498 | D:7      | Found a sparkling altar of Nemelex Xobeh.
  9696 | D:8      | Reached skill level 10 in Dodging
 10055 | D:8      | Found a staircase to the Lair.
 10181 | D:8      | Acquired Dithmenos's second power
 10363 | D:8      | Found a blossoming altar of Fedhas.
 10375 | D:8      | Found a glowing silver altar of Zin.
 11021 | D:9      | Noticed a cyan ugly thing
 11052 | D:9      | Reached skill level 1 in Invocations
 11113 | D:9      | Killed a cyan ugly thing
 11166 | D:9      | Noticed a hill giant
 11167 | D:9      | Noticed a griffon
 11283 | D:9      | Reached XP level 11. HP: 39/58 MP: 13/13
 11387 | D:9      | Killed a griffon
 11445 | D:9      | Killed a hill giant
 12165 | D:10     | Entered Level 10 of the Dungeon
 12250 | D:10     | Noticed a hill giant
 12258 | D:10     | Killed a hill giant
 12732 | D:10     | Found Fellowk's General Store.
 12745 | D:10     | Bought a +2 cloak of magic resistance for 279 gold pieces
 12804 | D:10     | Reached skill level 13 in Stealth
 12947 | D:10     | Acquired Dithmenos's third power
 13472 | Lair:1   | Entered Level 1 of the Lair of Beasts
 13579 | Lair:1   | Noticed a five-headed hydra
 13584 | Lair:1   | Killed a five-headed hydra
 13584 | Lair:1   | Reached skill level 1 in Spellcasting
 13678 | Lair:1   | Noticed an eight-headed hydra
 13691 | Lair:1   | Killed an eight-headed hydra
 14177 | Lair:1   | Reached XP level 12. HP: 64/64 MP: 15/17
 14723 | Lair:2   | Acquired Dithmenos's fourth power
 15206 | Lair:3   | Noticed a four-headed hydra
 15213 | Lair:3   | Killed a four-headed hydra
 15236 | Lair:3   | Reached skill level 14 in Stealth
 15715 | Lair:3   | Noticed a four-headed hydra
 15867 | Lair:3   | Noticed Nergalle
 15998 | Lair:3   | Found a dark tunnel.
 16005 | Volcano  | Entered a volcano
 16445 | Lair:3   | Killed Nergalle
 17441 | Lair:5   | Found a hole to the Spider Nest.
 17591 | Lair:5   | Found a frozen archway.
 17617 | Lair:5   | Noticed a five-headed hydra
 17687 | IceCv    | Entered an ice cave
 18535 | IceCv    | Reached XP level 13. HP: 44/70 MP: 18/18
 19369 | Lair:5   | Learned a level 2 spell: Blink
 19445 | Lair:5   | Reached skill level 1 in Translocations
 19838 | Lair:6   | Reached skill level 5 in Throwing
 20497 | Lair:6   | Found a staircase to the Slime Pits.
 20514 | Slime:1  | Entered Level 1 of the Pits of Slime
 20514 | Slime:1  | Noticed an acid blob
 20592 | Lair:6   | Reached skill level 5 in Translocations
 20795 | Spider:1 | Entered Level 1 of the Spider Nest
 20795 | Spider:1 | Noticed Aizul
 20835 | Spider:1 | Killed Aizul
 20835 | Spider:1 | Reached skill level 15 in Stealth
 21216 | Lair:5   | Upgraded the game from 0.17-a0-1831-gaadb308 to 0.17-a0-1838-g891d947
 21995 | Lair:7   | Reached skill level 5 in Invocations
 22140 | Lair:7   | Learned a level 3 spell: Gell's Gravitas
 22151 | Lair:7   | Reached skill level 1 in Hexes
 23576 | Lair:7   | Reached skill level 5 in Hexes
 23576 | Lair:7   | Reached XP level 14. HP: 43/75 MP: 19/19
 23766 | Lair:8   | Entered Level 8 of the Lair of Beasts
 23792 | Lair:8   | Reached skill level 16 in Stealth
 25608 | Lair:4   | Reached skill level 17 in Stealth
 25906 | D:8      | Upgraded the game from 0.17-a0-1838-g891d947 to 0.17-a0-1840-g87820a2
 26048 | D:11     | Found a staircase to the Orcish Mines.
 26325 | D:11     | Noticed WhatIsLove's ghost (powerful KoBe)
 26342 | D:11     | Killed WhatIsLove's ghost
 26639 | Orc:1    | Entered Level 1 of the Orcish Mines
 27157 | Orc:2    | Noticed Sonja
 27161 | Orc:2    | Killed Sonja
 27580 | Orc:3    | Found a flagged portal.
 27672 | Bailey   | Entered a bailey
 27673 | Bailey   | Noticed Rayvis's ghost (experienced MiFi)
 27690 | Bailey   | Killed Rayvis's ghost
 27951 | Bailey   | Gained mutation: You can translocate small distances at will. [potion of beneficial mutation]
 28297 | Bailey   | Identified a scroll of acquirement
 28300 | Bailey   | Identified the Almanac of Supportive Orientation (You acquired it in a bailey)
 28960 | Orc:3    | Noticed Maud
 29069 | Orc:3    | Killed Maud
 29483 | Orc:4    | Entered Level 4 of the Orcish Mines
 29677 | Orc:4    | Found a staircase to the Elven Halls.
 29793 | Orc:4    | Reached skill level 15 in Dodging
 30095 | Orc:3    | Reached skill level 5 in Spellcasting
 31230 | Orc:4    | Noticed Donald
 31763 | Orc:4    | Reached skill level 10 in Fighting
 31847 | Orc:4    | Found Gutog's General Store.
 31847 | Orc:4    | Found Jaenuk's Book Emporium.
 31847 | Orc:4    | Found Joed's Jewellery Shoppe.
 31847 | Orc:4    | Found Hyroses's Food Shop.
 31901 | Orc:4    | Learned a level 5 spell: Shadow Creatures
 31902 | Orc:4    | Bought a book of Geomancy for 595 gold pieces
 31907 | Orc:4    | Learned a level 3 spell: Stone Arrow
 32135 | Orc:4    | Found a roughly hewn altar of Beogh.
 32475 | Elf:1    | Entered Level 1 of the Elven Halls
 32666 | Elf:1    | Reached skill level 1 in Earth Magic
 32739 | Elf:1    | Reached skill level 1 in Conjurations
 32754 | Elf:1    | Reached XP level 15. HP: 80/80 MP: 24/24
 34552 | Spider:1 | Noticed Josephine
 34581 | Spider:1 | Killed Josephine
 35181 | Spider:1 | Noticed Agnes
 35184 | Spider:1 | Killed Agnes
 35901 | Spider:2 | Identified the Volume of Creation (You found it on level 2 of the Spider Nest)
 36507 | Spider:1 | Upgraded the game from 0.17-a0-1840-g87820a2 to 0.17-a0-1842-gacc33f2
 36647 | Spider:2 | Reached skill level 5 in Earth Magic
 37161 | Spider:2 | Reached skill level 5 in Conjurations
 37208 | Spider:2 | Noticed Norris
 37237 | Spider:2 | Killed from afar by Norris

Vault maps used:
D:1:      minmay_arrival_glassed_features
D:2:      nicolae_tso_swordbearing_angel, lemuel_coloured_pillars_altar,
          uniq_terence, uniq_jessica
D:3:      lemuel_crystal_altar, gup_sewer_entry_spiral, uniq_sigmund
D:4:      minmay_opposing_rooms, serial_shops, nicolae_shop_stone, first_bread,
          serial_forest, infiniplex_forest_straight_2,
          infiniplex_forest_clump_curved, infiniplex_forest_zigzag_1,
          infiniplex_forest_end_2, infiniplex_forest_clump_double,
          infiniplex_forest_end_1, minmay_gold_behind_fungi, uniq_edmund
D:5:      minitemple, overflow_temple_1_default, tgw_trog,
          grunt_ashenzari_visionary, uniq_pikel, uniq_grinder,
          uniq_prince_ribbit1
D:6:      black_bear_nest_2, grunt_temple_overflow_forces_of_nature,
          overflow_temple_1_default, minmay_temple_entry_poolview
D:7:      okawaru_humans, serial_undead, serial_undead_b, serial_undead_f,
          serial_undead_d, serial_undead_c, serial_undead_b, serial_undead_a,
          serial_undead_e, serial_undead_b, serial_undead_e, serial_undead_e,
          grunt_livestock, nemelex_diamond_rough_becter
D:8:      nicolae_overflow_crystal_walls, dpeg_lair_monsters, serial_ice,
          serial_ice_f, serial_ice_i, serial_ice_c, serial_ice_g, fedhas_altar_2
D:9:      wad_arrow_thing, kennysheep_another_room
D:10:     serial_shops, shop
D:11:     orc_0_dummy, minmay_holes
Temple:   nicolae_temple_great_sept
Lair:1:   grunt_megastairs_2
Lair:2:   serial_forest, infiniplex_forest_clump_small,
          infiniplex_forest_lined_corner, infiniplex_forest_end_3,
          infiniplex_forest_straight_4
Lair:3:   lemuel_ratsnest, enter_volcano_3, lemuel_fruit_tree,
          serial_bayou_shore_a, serial_bayou_shore_b, uniq_nergalle
Lair:4:   infiniplex_staircase_pool
Lair:5:   boulder_quad_collide, elwin_shoals_entry_rocks, dummy_spider_entry,
          portal_ice_cave_entry_imps
Lair:6:   slime_dummy, ice2_lemuel
Lair:7:   grunt_megastairs_3
Lair:8:   minmay_lair_end_frog_pond, disabler_island
Spider:1: spiders_nest_wasp_nest, uniq_agnes, uniq_josephine, uniq_aizul
Spider:2: uniq_norris
Orc:1:    uniq_fannar
Orc:2:    uniq_harold, uniq_erolcha, uniq_sonja, uniq_rupert
Orc:3:    enter_bailey_4, nicolae_orc_pool_cavern, uniq_maud
Orc:4:    st_orc_ogre_mass, basic_altar, uniq_donald
Elf:1:    minmay_elf_crystal_hexagon
Sewer:    sewer_co_purgy_island
Bailey:   bailey_polearm_5, bailey
IceCv:    ice_cave_caverns_02
Volcano:  volcano_overflow

Action                   |  1- 3 |  4- 6 |  7- 9 | 10-12 | 13-15 || total
-------------------------+-------+-------+-------+-------+-------++-------
Melee: Dagger            |    97 |   228 |   598 |   243 |    18 ||  1184
       Short sword       |       |       |       |   968 |  2222 ||  3190
 Fire: Blowgun           |    14 |    25 |    15 |    29 |    99 ||   182
 Cast: Gell's Gravitas   |       |       |       |       |     4 ||     4
       Stone Arrow       |       |       |       |       |     4 ||     4
Evoke: Wand              |       |       |       |     4 |     3 ||     7
       Deck              |       |       |       |     1 |       ||     1
  Use: Scroll            |     1 |     2 |     7 |    17 |    19 ||    46
       Potion            |       |     2 |     4 |     9 |     4 ||    19
 Stab: Sleeping          |     7 |    24 |    32 |   115 |    84 ||   262
       Distracted        |     1 |     2 |     7 |     8 |    26 ||    44
       Fleeing           |       |       |       |       |     1 ||     1
  Eat: Fruit             |       |     1 |       |     3 |     8 ||    12
       Pizza             |       |       |     1 |       |     1 ||     2
       Bread ration      |       |       |     1 |       |     2 ||     3
       Royal jelly       |       |       |       |     3 |       ||     3
